[Event "fics rated crazyhouse match"]
[Site "fics, Oklahoma City, OK USA"]
[Date "2000.10.28"]
[White "Thufir"]
[WhiteElo "2362"]
[Black "LINDEGREN"]
[BlackElo "2400"]
[TimeControl "120+0"]
[Result "1-0"]

1. e4 Nf6 2. e5 Nd5 3. d4 e6 4. Nf3 Bb4+ 5. c3 Be7 6. Be2 
d6 7. O-O Nc6 8. c4 Nb6 9. exd6 cxd6 10. Be3 f5 11. Nc3 O-O 
12. d5 exd5 13. cxd5 Nxd5 14. Nxd5 P@e6 15. Nxe7+ Qxe7 16. B@b3 Bd7 17. P@h6 
gxh6 18. Bxh6 P@g7 19. Bg5 P@f6 20. Bf4 P@e5 21. Bg3 f4 22. Bh4 N@f5 
23. P@d5 Ncd4 24. dxe6 Nxe6 25. P@g5 Nxh4 26. Nxh4 fxg5 27. N@f5 Qf6 28. N@h5 
Qf7 29. Nxd6 gxh4 30. Bxe6 Qxe6 31. N@g5 Qg6 32. P@f7+ Kh8 33. Nde4 P@f5 
34. P@e7 fxe4 35. exf8=Q+ Rxf8 36. Qxd7 N@h6 37. B@e6 Qxg5 38. R@g8+ Rxg8 39. fxg8=Q+ 
Nxg8 40. R@g4 N@h3+ 41. gxh3 Qxg4+ 42. B6xg4 R@g6 43. N@f7# 
{LINDEGREN checkmated} 1-0

[Event "fics rated crazyhouse match"]
[Site "fics, Oklahoma City, OK USA"]
[Date "2000.10.28"]
[White "LINDEGREN"]
[WhiteElo "2391"]
[Black "Thufir"]
[BlackElo "2371"]
[TimeControl "120+0"]
[Result "1-0"]

1. d4 e6 2. e4 Nf6 3. Bd3 Nc6 4. Be3 d5 5. e5 Ne4 6. f3 
Be7 7. fxe4 dxe4 8. Bxe4 P@d5 9. Bd3 f6 10. exf6 Bxf6 11. Nf3 P@e4 
12. O-O exd3 13. cxd3 B@g4 14. P@e5 Be7 15. P@f7+ Kf8 16. P@h6 gxh6 17. Bxh6+ 
P@g7 18. Bxg7+ Kxg7 19. P@f6+ Kxf7 20. Ng5+ Ke8 21. Qxg4 B@e3+ 22. Kh1 Bxg5 
23. N@g7+ Kf7 24. Qxg5 P@f5 25. fxe7 Qxe7 26. Qxe7+ Kxe7 27. P@f6+ Kd7 28. Q@f7+ 
P@e7 29. Qxe6+ Kd8 30. fxe7+ Nxe7 31. Qf6 P@e2 32. Nc3 exf1=Q+ 33. Rxf1 Q@e3 
34. Qxe7+ Kxe7 35. Nxd5+ Kf7 36. Nxe3 R@g6 37. Ngxf5 Bxf5 38. Rxf5+ N@f6 39. Q@d7+ 
N@e7 40. B@e6+ Kf8 41. B@g1 Nxf5 42. exf6 R@e7 43. B@g7+ Nxg7 44. Qxe7# 
{Thufir checkmated} 1-0

[Event "fics rated crazyhouse match"]
[Site "fics, Oklahoma City, OK USA"]
[Date "2000.10.28"]
[White "Thufir"]
[WhiteElo "2363"]
[Black "LINDEGREN"]
[BlackElo "2399"]
[TimeControl "120+0"]
[Result "1-0"]

1. e4 e6 2. Nc3 d5 3. exd5 exd5 4. d4 Nf6 5. Bb5+ Nc6 6. Qe2+ 
P@e4 7. Bg5 Be7 8. P@e5 Ng4 9. Bxe7 Qxe7 10. Nxd5 Qd7 11. Qxe4 B@f5 
12. Bxc6 bxc6 13. Nxc7+ Qxc7 14. N@d6+ Kd8 15. Nxf5 Bxf5 16. Qxf5 B@e6 17. P@d6 
Qa5+ 18. B@c3 Qd5 19. Qg5+ Kc8 20. Qxg7 Rd8 21. P@c7 Re8 22. B@f3 N@e4 
23. B@a6+ N@b7 24. Bxg4 Nxc3 25. bxc3 B@b2 26. Bxb7+ Kxb7 27. N@c5+ Qxc5 28. P@a6+ 
Kxa6 29. dxc5 Bxc3+ 30. Kf1 Bc4+ 31. P@d3 N@d2+ 32. Ke2 Bxa1 33. N@b4+ Ka5 
34. Nxc6+ Ka6 35. Q@a5+ Kb7 36. N@d8+ Rexd8 37. cxd8=N+ Rxd8 38. Nxd8+ Ka8 39. P@b7+ 
Kb8 40. Qc7# 
{LINDEGREN checkmated} 1-0

[Event "fics rated crazyhouse match"]
[Site "fics, Oklahoma City, OK USA"]
[Date "2000.10.28"]
[White "LINDEGREN"]
[WhiteElo "2390"]
[Black "Thufir"]
[BlackElo "2372"]
[TimeControl "120+0"]
[Result "1-0"]

1. e4 e6 2. d4 Nf6 3. Bd3 d5 4. e5 Nfd7 5. Nh3 Nc6 6. c3 
Ncxe5 7. dxe5 Nxe5 8. Be2 Be7 9. O-O Ng6 10. N@h5 Rg8 11. Be3 e5 
12. Nd2 P@f4 13. N3xf4 exf4 14. Nxf4 Nxf4 15. Bxf4 N@g6 16. Bg3 P@f4 17. Bh5 
fxg3 18. fxg3 B@e3+ 19. P@f2 Bxd2 20. Qxd2 N@e4 21. Qe3 N@f5 22. Qe2 Be6 
23. Bxg6 fxg6 24. N@f4 Bf7 25. P@e6 Bxe6 26. Nxe6 Qd7 27. P@f7+ Kxf7 28. N@e5+ 
Kxe6 29. Nxd7 Kxd7 30. B@h3 B@e6 31. Bxf5 gxf5 32. N@e5+ Kc8 33. B@f7 Bxf7 
34. Q@d7+ Kb8 35. Qxe7 B@e6 36. Nxf7 Bxf7 37. Qxf7 Rd8 38. Qe7 B@f6 39. Qxd8+ 
Bxd8 40. R@e8 N@c6 41. B@a4 N@d6 42. Bxc6 Nxe8 43. Bxe8 N@f6 44. N@d7+ Kc8 
45. Nxf6 Nxf6 46. B@e6+ Kb8 47. Bxd5 R@d6 48. P@e7 Nxd5 49. exd8=Q+ Rxd8 50. N@d7+ 
Kc8 51. Rad1 B@c6 52. Rxd5 N@g8 53. Nb6+ cxb6 54. Rxd8+ Kxd8 55. Bxc6 bxc6 
56. R@e8+ Kc7 57. N@a6+ Kb7 58. N@c5+ bxc5 59. Nxc5+ Kb6 60. b4 Rxe8 61. B@a5# 
{Thufir checkmated} 1-0

[Event "fics rated crazyhouse match"]
[Site "fics, Oklahoma City, OK USA"]
[Date "2000.10.28"]
[White "Thufir"]
[WhiteElo "2364"]
[Black "LINDEGREN"]
[BlackElo "2398"]
[TimeControl "120+0"]
[Result "0-1"]

1. e4 Nf6 2. e5 Nd5 3. d4 e6 4. Nf3 d6 5. Be2 Nc6 6. O-O 
Bd7 7. c4 Nde7 8. exd6 cxd6 9. Be3 Nf5 10. Nc3 Be7 11. d5 P@g4 
12. dxc6 Bxc6 13. P@d5 gxf3 14. Bxf3 exd5 15. cxd5 Bd7 16. P@c6 bxc6 17. dxc6 
O-O 18. cxd7 Qxd7 19. B@c6 Qe6 20. N@f4 Qh6 21. Bxa8 Nxe3 22. fxe3 B@h4 
23. N@g4 P@f2+ 24. Kh1 Qg5 25. Nxf2 Bxf2 26. Rxf2 P@g3 27. hxg3 Qxg3 28. R@h3 
Qxh3+ 29. gxh3 N@g3+ 30. Kh2 Nf5 31. P@g3 P@h4 32. Q@g4 hxg3+ 33. Kg2 R@h2+ 
34. Kg1 Rxf2 35. Qxf5 P@h2+ 36. Kh1 R@g1+ 37. Qxg1 hxg1=Q+ 38. Kxg1 Q@h2# 
{Thufir checkmated} 0-1

[Event "fics rated crazyhouse match"]
[Site "fics, Oklahoma City, OK USA"]
[Date "2000.10.28"]
[White "LINDEGREN"]
[WhiteElo "2405"]
[Black "Thufir"]
[BlackElo "2357"]
[TimeControl "120+0"]
[Result "1-0"]

1. e4 e6 2. d4 d6 3. Bd3 Nf6 4. Be3 Be7 5. Nf3 Nc6 6. O-O 
e5 7. d5 Nb4 8. Be2 c6 9. Nc3 cxd5 10. exd5 P@d4 11. Bxd4 exd4 
12. Nxd4 Nbxd5 13. Nxd5 Nxd5 14. N@f5 Bxf5 15. Nxf5 B@e6 16. Nxg7+ Kd7 17. Nxe6 
fxe6 18. B@h3 P@f7 19. Qxd5 N@b6 20. Qxb7+ N@c7 21. P@g7 Qc8 22. B@c6+ Kd8 
23. gxh8=Q+ N@f8 24. Qxc8+ Kxc8 25. P@b7+ Kd8 26. bxa8=Q+ Ncxa8 27. Q@b8+ Q@c8 28. R@e8# 
{Thufir checkmated} 1-0

[Event "fics rated crazyhouse match"]
[Site "fics, Oklahoma City, OK USA"]
[Date "2000.10.28"]
[White "Thufir"]
[WhiteElo "2350"]
[Black "LINDEGREN"]
[BlackElo "2412"]
[TimeControl "120+0"]
[Result "1-0"]

1. e4 e6 2. d4 Nf6 3. e5 Nd5 4. Nf3 d6 5. Be2 Nc6 6. O-O 
Bd7 7. c4 Nb6 8. exd6 Bxd6 9. Be3 O-O 10. c5 Nd5 11. cxd6 cxd6 
12. B@e4 f5 13. Bxd5 exd5 14. P@e5 P@g4 15. Ng5 dxe5 16. dxe5 B@e6 17. Nxe6 
Bxe6 18. B@f4 P@h3 19. gxh3 gxh3 20. N@g5 Qe7 21. Nxh3 P@g4 22. Ng5 N@h3+ 
23. Nxh3 gxh3 24. N@g5 P@g4 25. P@d6 Qe8 26. P@e7 Nxe7 27. dxe7 Qxe7 28. P@d6 
Qe8 29. N@e7+ Kh8 30. Nxe6 P@g2 31. Re1 P@f3 32. Bxf3 gxf3 33. Qxf3 B@g4 
34. B@h6 Rg8 35. Bxg7+ Rxg7 36. P@f6 B@f8 37. fxg7+ Bxg7 38. P@f6 N@h5 39. fxg7+ 
Nxg7 40. B@f6 Qf7 41. P@h6 Rg8 42. Nxg8 Kxg8 43. hxg7 
{LINDEGREN forfeits on time} 1-0

[Event "fics rated crazyhouse match"]
[Site "fics, Oklahoma City, OK USA"]
[Date "2000.10.28"]
[White "LINDEGREN"]
[WhiteElo "2403"]
[Black "Thufir"]
[BlackElo "2359"]
[TimeControl "120+0"]
[Result "1-0"]

1. e4 e6 2. d4 d5 3. e5 Nc6 4. Nh3 Nge7 5. Bd3 Ng6 6. c3 
Be7 7. Bxg6 hxg6 8. O-O B@f5 9. Nf4 Bg5 10. Na3 Bxf4 11. Bxf4 N@d3 
12. B@g5 f6 13. exf6 gxf6 14. P@g7 Rg8 15. Bxc7 Qxc7 16. P@h7 Qxg7 17. hxg8=Q+ 
Qxg8 18. N@h6 Qg7 19. R@g8+ Qxg8 20. Nxg8 fxg5 21. Nb5 B@f4 22. Nh6 R@h7 
23. Nxf5 gxf5 24. B@g6+ B@f7 25. Bxh7 Nxb2 26. R@h8+ N@f8 27. Rxf8+ Kxf8 28. N@g6+ 
Bxg6 29. Bxg6 R@e7 30. B@d6 Bxd6 31. Qh5 B@g7 32. Nxd6 Bd7 33. B@h6 Bxh6 
34. Qxh6+ P@g7 35. Q@h8+ N@g8 36. Q6h7 B@f7 37. Q8xg7# 
{Thufir checkmated} 1-0

[Event "fics rated crazyhouse match"]
[Site "fics, Oklahoma City, OK USA"]
[Date "2000.10.28"]
[White "Thufir"]
[WhiteElo "2352"]
[Black "LINDEGREN"]
[BlackElo "2410"]
[TimeControl "120+0"]
[Result "0-1"]

1. e4 Nf6 2. e5 Nd5 3. d4 e6 4. c4 d6 5. cxd5 exd5 6. Nf3 
Nc6 7. Bb5 Bd7 8. Qe2 P@e4 9. exd6 Bxd6 10. Bxc6 bxc6 11. N@h5 Rg8 
12. Bg5 B@e7 13. Bxe7 Qxe7 14. P@e5 exf3 15. gxf3 P@g2 16. Rg1 B@f1 17. Rxf1 
gxf1=Q+ 18. Kxf1 N@c1 19. Qd2 Bh3+ 20. P@g2 Bxe5 21. Qxc1 Bxh2 22. gxh3 R@g1# 
{Thufir checkmated} 0-1

[Event "fics rated crazyhouse match"]
[Site "fics, Oklahoma City, OK USA"]
[Date "2000.10.28"]
[White "LINDEGREN"]
[WhiteElo "2417"]
[Black "Thufir"]
[BlackElo "2345"]
[TimeControl "120+0"]
[Result "0-1"]

1. e4 e6 2. d4 d5 3. e5 Nc6 4. Nh3 Be7 5. Bd3 Nxd4 6. O-O 
Nc6 7. c3 Nxe5 8. Bf4 Nxd3 9. Qxd3 B@e4 10. Qd1 P@c2 11. Qd2 cxb1=Q 
12. Raxb1 N@c4 13. Qe2 P@c2 14. Rbe1 Nxb2 15. N@h5 Bf8 16. P@h6 Nxh6 17. Bxh6 
gxh6 18. N@f6+ Ke7 19. Nxe4 B@d3 20. B@f6+ Kd7 21. Bxd8 dxe4 22. Nf6+ Kc6 
23. Qe3 N@c4 24. Qd4 P@c5 25. Qxd3 exd3 26. B@e4+ P@d5 27. Bxd3 Nxd3 28. P@b5+ 
Kxb5 29. Q@b3+ P@b4 30. a4+ Ka5 31. Qxc2 Nxe1 32. Bxc7+ b6 33. cxb4+ cxb4 
34. Rxe1 B@c5 35. P@b5 P@b3 36. N@c6+ Kxa4 37. Ra1+ P@a2 38. Rxa2+ Kxb5 39. Qxb3 
Kxc6 
{LINDEGREN forfeits on time} 0-1

[Event "fics rated crazyhouse match"]
[Site "fics, Oklahoma City, OK USA"]
[Date "2000.10.28"]
[White "Thufir"]
[WhiteElo "2355"]
[Black "LINDEGREN"]
[BlackElo "2407"]
[TimeControl "120+0"]
[Result "1-0"]

1. e4 e6 2. d4 Nf6 3. Nc3 Bb4 4. Bd3 d5 5. exd5 Nxd5 6. Bd2 
P@a3 7. Nxd5 Bxd2+ 8. Qxd2 axb2 9. Rd1 exd5 10. Qe3+ P@e6 11. N@h5 B@f8 
12. B@f6 gxf6 13. P@g7 Bxg7 14. Nxg7+ Kf8 15. Qh6 Kg8 16. Nh5 B@f8 17. B@g7 
N@g4 18. Nxf6+ Nxf6 19. Bxf8 P@d2+ 20. Kf1 Qxf8 21. Qxf6 B@g7 22. N@e7+ Qxe7 
23. Qxe7 N@g6 24. Q@e8# 
{LINDEGREN resigns} 1-0

[Event "fics rated crazyhouse match"]
[Site "fics, Oklahoma City, OK USA"]
[Date "2000.10.28"]
[White "LINDEGREN"]
[WhiteElo "2398"]
[Black "Thufir"]
[BlackElo "2364"]
[TimeControl "120+0"]
[Result "1-0"]

1. e4 e6 2. d4 Nf6 3. f3 Nc6 4. Be3 d5 5. e5 Nd7 6. f4 
Be7 7. Nf3 Nb6 8. Be2 f6 9. O-O fxe5 10. Nxe5 P@f6 11. Nxc6 bxc6 
12. Nc3 Rb8 13. Bh5+ Kf8 14. N@f7 Qe8 15. Nxh8 N@g6 16. Bxg6 hxg6 17. P@f7 
Qxf7 18. Nxf7 B@g8 19. Nh8 Bd7 20. Nxg6+ Ke8 21. Nxe7 Kxe7 22. N@g6+ Kd8 
23. Q@f8+ N@e8 24. Qxg8 P@b5 25. P@f7 Kc8 26. fxe8=Q+ Bxe8 27. Qxe8+ Kb7 28. Qxe6 
P@b4 29. B@d7 a6 30. Bxc6+ Ka7 31. Nxb5+ axb5 32. Bxb5 Rd8 33. a3 b3 
34. cxb3 N@b8 35. N@f5 c6 36. Bxc6 Nxc6 37. Qxc6 B@b7 38. Qe6 Rc8 39. Nxg7 
f5 40. Qxf5 Rc7 41. Ne6 Rd7 42. N@c5 Rh7 43. P@a5 Nc8 44. Nxb7 Kxb7 
45. R@b5+ Kc6 46. Qxd5# 
{Thufir checkmated} 1-0

[Event "fics rated crazyhouse match"]
[Site "fics, Oklahoma City, OK USA"]
[Date "2000.10.28"]
[White "Thufir"]
[WhiteElo "2357"]
[Black "LINDEGREN"]
[BlackElo "2405"]
[TimeControl "120+0"]
[Result "0-1"]

1. e4 e6 2. Nc3 Nf6 3. e5 Nd5 4. Nxd5 exd5 5. d4 d6 6. Nf3 
Nc6 7. Bb5 Bd7 8. Qe2 N@e4 9. exd6 Bxd6 10. P@d3 P@f5 11. Bxc6 bxc6 
12. dxe4 fxe4 13. Ne5 Bxe5 14. dxe5 N@d4 15. Qd2 Nf5 16. N@h5 B@h6 17. B@e3 
Nxe3 18. fxe3 Qh4+ 19. N@g3 P@f3 20. gxf3 exf3 21. P@f6 P@g2 22. fxg7 gxh1=Q+ 
23. N@f1 Qxf1+ 24. Kxf1 B@g2+ 25. Kg1 N@h3# 
{Thufir checkmated} 0-1

[Event "fics rated crazyhouse match"]
[Site "fics, Oklahoma City, OK USA"]
[Date "2000.10.28"]
[White "LINDEGREN"]
[WhiteElo "2412"]
[Black "Thufir"]
[BlackElo "2350"]
[TimeControl "120+0"]
[Result "0-1"]

1. e4 e6 2. d4 Nc6 3. Be3 d5 4. e5 Nge7 5. Bd3 Nf5 6. Bxf5 
exf5 7. Nf3 B@e4 8. O-O Be7 9. Nbd2 O-O 10. Ne1 f6 11. f3 fxe5 
12. dxe5 Nxe5 13. P@d4 Ng6 14. fxe4 dxe4 15. N@h5 P@g5 16. Nc4 P@f4 17. Bf2 
P@e3 18. Bxe3 fxe3 19. Nxe3 B@f4 20. P@f2 Bxe3 21. fxe3 Be6 22. B@e2 N@d5 
23. P@f2 f4 24. exf4 gxf4 25. f3 e3 26. P@e4 P@f2+ 27. Kh1 fxe1=Q 28. Qxe1 
Nf6 29. Nxf6+ Bxf6 30. N@h5 Bxd4 31. P@f5 N@f2+ 32. Kg1 P@g3 33. fxe6 gxh2+ 
34. Kxh2 P@g3+ 35. Kg1 Bxb2 36. B@f7+ Kh8 37. P@h2 gxh2+ 38. Kxh2 Qh4+ 39. P@h3 
P@g3# 
{LINDEGREN resigns} 0-1

[Event "fics rated crazyhouse match"]
[Site "fics, Oklahoma City, OK USA"]
[Date "2000.10.28"]
[White "Thufir"]
[WhiteElo "2359"]
[Black "LINDEGREN"]
[BlackElo "2403"]
[TimeControl "120+0"]
[Result "0-1"]

1. e4 e6 2. d4 b6 3. Nc3 Bb7 4. f3 Nf6 5. Be3 Bb4 6. Bd3 
d5 7. e5 Nfd7 8. Nh3 Nc6 9. O-O Ncxe5 10. dxe5 Nxe5 11. f4 Bxc3 
12. bxc3 Nxd3 13. cxd3 B@f5 14. N@h5 Rg8 15. B@g5 f6 16. Bh4 Bxh3 17. gxh3 
N@f5 18. B@f2 d4 19. cxd4 N@f3+ 20. Kh1 N3xh4+ 21. P@e4 P@g2+ 22. Kg1 Nxe3 
23. Bxe3 gxf1=Q+ 24. Qxf1 P@g2 25. Qe1 R@h1+ 26. Kf2 Rxe1 27. Kxe1 Q@f1+ 28. Kd2 
Qxa1 29. N@c1 Nf3+ 30. Ke2 g1=N+ 31. Kf2 B@e1+ 32. Kg2 Nh4+ 33. Kxg1 B@f2+ 
34. Bxf2 Bxf2+ 35. Kxf2 R@g2+ 36. Ke1 Qxc1+ 37. R@d1 N@c2+ 38. Kf1 B@e2# 
{Thufir checkmated} 0-1

[Event "fics rated crazyhouse match"]
[Site "fics, Oklahoma City, OK USA"]
[Date "2000.10.28"]
[White "LINDEGREN"]
[WhiteElo "2410"]
[Black "Thufir"]
[BlackElo "2352"]
[TimeControl "120+0"]
[Result "1-0"]

1. e4 e6 2. d4 Nc6 3. Be3 d5 4. e5 Nge7 5. Bd3 Nf5 6. Bxf5 
exf5 7. Nf3 B@e4 8. Nbd2 Be7 9. N@h5 Rg8 10. O-O Be6 11. Ne1 f6 
12. f3 fxe5 13. dxe5 Nxe5 14. fxe4 dxe4 15. Nf4 P@f7 16. P@d4 Ng4 17. B@f2 
P@g5 18. Nxe6 fxe6 19. B@h5+ P@g6 20. Bxg4 fxg4 21. Nxe4 B@f5 22. Ng3 N@f4 
23. Nxf5 gxf5 24. Bxf4 gxf4 25. P@f7+ Kxf7 26. N@e5+ Kf8 27. N@d7+ Qxd7 28. Nxd7+ 
Ke8 29. Ne5 B@b5 30. B@d3 P@f7 31. Bxb5+ N@c6 32. Bxc6+ bxc6 33. Q@d7+ Kf8 
34. Nxc6 B@d6 35. P@b7 Re8 36. b8=Q N@f6 37. Qdxe8+ Nxe8 38. N@d7# 
{Thufir checkmated} 1-0

[Event "fics rated crazyhouse match"]
[Site "fics, Oklahoma City, OK USA"]
[Date "2000.10.28"]
[White "Thufir"]
[WhiteElo "2345"]
[Black "LINDEGREN"]
[BlackElo "2417"]
[TimeControl "120+0"]
[Result "0-1"]

1. e4 Nf6 2. e5 Nd5 3. c3 e6 4. d4 d6 5. Nf3 Nc6 6. Bd3 
Bd7 7. O-O Be7 8. c4 Ndb4 9. exd6 Bxd6 10. Be3 Nxd3 11. Qxd3 B@g6 
12. P@e4 P@d5 13. cxd5 exd5 14. P@f5 Bdxf5 15. exf5 P@e4 16. fxg6 hxg6 17. Bg5 
P@f6 18. Re1 P@e5 19. Qd2 exf3 20. dxe5 Nxe5 21. Qxd5 P@e6 22. B@b5+ c6 
23. P@e7 Qxe7 24. Qe4 cxb5 25. Bf4 B@c6 26. P@d5 Bxd5 27. Qxd5 exd5 28. B@f1 
P@e2 29. Nc3 exf1=Q+ 30. Kxf1 Q@h1+ 31. N@g1 Qxg2# 
{Thufir checkmated} 0-1

[Event "fics rated crazyhouse match"]
[Site "fics, Oklahoma City, OK USA"]
[Date "2000.10.28"]
[White "LINDEGREN"]
[WhiteElo "2423"]
[Black "Thufir"]
[BlackElo "2339"]
[TimeControl "120+0"]
[Result "0-1"]

1. e4 e6 2. d4 Nc6 3. Be3 Nf6 4. Bd3 d5 5. e5 Ne4 6. f3 
Ng5 7. Nd2 f5 8. exf6 Qxf6 9. P@f4 Nf7 10. Ne2 P@c4 11. O-O cxd3 
12. cxd3 B@g6 13. P@g5 Qe7 14. Nb3 h6 15. gxh6 Rxh6 16. f5 exf5 17. Bxh6 
Nxh6 18. P@f2 P@e4 19. Nf4 B@f7 20. dxe4 fxe4 21. fxe4 Bxe4 22. f3 Bh7 
23. Re1 P@e3 24. Nc5 P@f2+ 25. Kh1 fxe1=Q+ 26. Qxe1 P@f2 27. Qe2 Nf5 28. P@e5 
Ncxd4 29. Qf1 R@h6 30. P@h3 Qxc5 31. Nd3 Qe7 32. Nxf2 exf2 33. Qxf2 P@e3 
34. Qe1 N@f2+ 35. Kg1 N@e2+ 36. Kf1 Nfg3+ 37. hxg3 Nxg3+ 38. Kg1 Nde2+ 39. Kh2 
Qh4 40. P@f6 gxf6 41. P@d6 cxd6 
{LINDEGREN forfeits on time} 0-1

[Event "fics rated crazyhouse match"]
[Site "fics, Oklahoma City, OK USA"]
[Date "2000.10.28"]
[White "Thufir"]
[WhiteElo "2349"]
[Black "LINDEGREN"]
[BlackElo "2413"]
[TimeControl "120+0"]
[Result "0-1"]

1. e4 e6 2. d4 b6 3. f3 Bb7 4. Nc3 Nf6 5. Bd3 Bb4 6. Be3 
d5 7. e5 Nfd7 8. Nh3 Nc6 9. O-O Ncxe5 10. dxe5 Nxe5 11. f4 Nxd3 
12. cxd3 d4 13. N@h5 Rg8 14. Ne4 Be7 15. Bf2 B@e3 16. Bxe3 dxe3 17. B@e5 
P@f6 18. Bxf6 gxf6 19. N@g7+ Kd7 20. P@e5 B@d4 21. Qe2 fxe5 22. fxe5 P@f5 
23. Nef6+ Bxf6 24. Nxf6+ Kc8 25. Nxg8 P@f2+ 26. Kh1 Bxg2+ 27. Kxg2 N@h4+ 28. Kg3 
Bxe5+ 29. P@f4 B@b7 30. B@g5 P@e7 31. B@e8 Bxg7 32. Qxe3 P@g2 33. Rxf2 N@f1+ 
34. Raxf1 gxf1=Q 35. P@d7+ Kb8 36. Rxf1 R@g4+ 37. Kf2 Rg2+ 38. Ke1 Rxh2 39. P@a6 
Ng2+ 40. Kd2 Nxe3+ 41. P@e2 Nxf1+ 42. Ke1 Q@d2+ 43. Kxf1 R@e1# 
{Thufir checkmated} 0-1

[Event "fics rated crazyhouse match"]
[Site "fics, Oklahoma City, OK USA"]
[Date "2000.10.29"]
[White "Lomboc"]
[WhiteElo "2321"]
[Black "Thufir"]
[BlackElo "2338"]
[TimeControl "60+0"]
[Result "0-1"]

1. e3 e6 2. d4 Nc6 3. Nf3 Nf6 4. Nc3 d6 5. Be2 Be7 6. O-O 
O-O 7. h3 e5 8. dxe5 Nxe5 9. Nxe5 dxe5 10. Qxd8 Rxd8 11. P@h6 gxh6 
12. e4 P@g7 13. N@f5 Bxf5 14. exf5 N@d4 15. B@f3 N@h4 16. Bg4 Ndxf5 17. Bxf5 
Nxf5 18. N@e4 Nxe4 19. Nxe4 Nd4 20. Bg4 P@f3 21. gxf3 Ne2+ 22. Kh2 N@f4 
23. Bxf4 Nxf4 24. Rg1 B@f1 25. Raxf1 P@e2 26. Re1 B@f1 27. P@g3 Nxh3 28. Bxh3 
Bxh3 29. Kxh3 B@f1+ 30. Rgxf1 exf1=Q+ 31. Rxf1 P@f5 32. Nd2 e4 33. N@h5 exf3 
34. Nxf3 P@g4+ 35. Kh2 Q@h3+ 36. Kg1 R@g2# 
{Lomboc checkmated} 0-1

[Event "fics rated crazyhouse match"]
[Site "fics, Oklahoma City, OK USA"]
[Date "2000.10.29"]
[White "Thufir"]
[WhiteElo "2346"]
[Black "Lomboc"]
[BlackElo "2313"]
[TimeControl "60+0"]
[Result "1-0"]

1. e4 d6 2. d4 Nf6 3. Nc3 Nbd7 4. Nf3 e5 5. dxe5 dxe5 6. Bg5 
Be7 7. Bc4 O-O 8. O-O h6 9. Bxf6 Nxf6 10. Nxe5 Qxd1 11. Raxd1 B@e6 
12. P@d5 Bg4 13. P@g6 fxg6 14. Nxg6 Q@h7 15. Nxe7+ Kf7 16. Nxc8 Raxc8 17. B@e6+ 
Ke8 18. Bxg4 Nxg4 19. B@h5+ B@g6 20. Bxg4 P@f5 21. exf5 Bxf5 22. Bxf5 Qxf5 
23. B@e6 
{Lomboc resigns} 1-0

[Event "fics rated crazyhouse match"]
[Site "fics, Oklahoma City, OK USA"]
[Date "2000.10.29"]
[White "Lomboc"]
[WhiteElo "2306"]
[Black "Thufir"]
[BlackElo "2353"]
[TimeControl "60+0"]
[Result "1-0"]

1. c4 e6 2. Nc3 Nc6 3. d4 Nf6 4. e3 d5 5. Nf3 Be7 6. cxd5 
exd5 7. Bb5 Bd7 8. O-O O-O 9. Bxc6 bxc6 10. Ne5 B@g6 11. Nxd7 Nxd7 
12. N@e5 Nxe5 13. dxe5 N@c4 14. B@g3 N@f5 15. P@f4 Nxg3 16. hxg3 B@e4 17. f3 
Bc2 18. Qe1 Rb8 19. N@g4 Nxb2 20. Bxb2 Rxb2 21. e4 dxe4 22. fxe4 Bcxe4 
23. Nxe4 B@d4+ 24. P@f2 P@e2 25. B@f6 Bxf6 26. Nexf6+ Kh8 27. B@h6 gxh6 28. Nxh6 
P@g7 29. Nhg4 exf1=Q+ 30. Qxf1 R@h5 31. Nxh5 Bxh5 32. P@f6 gxf6 33. exf6 Bxf6 
34. Nxf6 Qxf6 35. B@e5 P@h2+ 36. Kxh2 N@g4+ 37. Kh1 Nxe5 38. fxe5 P@e2 39. exf6 
exf1=Q+ 40. Rxf1 N@e6 41. P@g7+ Nxg7 42. fxg7+ Kxg7 43. N@f5+ Kf6 44. Q@e7+ Kxf5 
45. R@g5# 
{Thufir checkmated} 1-0

[Event "fics rated crazyhouse match"]
[Site "fics, Oklahoma City, OK USA"]
[Date "2000.10.29"]
[White "Thufir"]
[WhiteElo "2344"]
[Black "Lomboc"]
[BlackElo "2315"]
[TimeControl "60+0"]
[Result "1-0"]

1. e4 d6 2. d4 Nf6 3. Nc3 Nbd7 4. Nf3 e5 5. dxe5 dxe5 6. Bg5 
Be7 7. Bc4 O-O 8. O-O h6 9. Bxf6 Bxf6 10. N@f5 P@g6 11. P@e6 gxf5 
12. exf7+ Kh8 13. exf5 B@g4 14. P@e6 Nb6 15. Qxd8 Rxd8 16. e7 Bxe7 17. Q@g8+ 
Rxg8 18. fxg8=Q# 
{Lomboc checkmated} 1-0

[Event "fics rated crazyhouse match"]
[Site "fics, Oklahoma City, OK USA"]
[Date "2000.10.29"]
[White "Lomboc"]
[WhiteElo "2308"]
[Black "Thufir"]
[BlackElo "2351"]
[TimeControl "60+0"]
[Result "1-0"]

1. e4 e6 2. Nc3 Nc6 3. d3 Nf6 4. Nf3 d5 5. Be2 dxe4 6. dxe4 
P@d4 7. Nb5 Nxe4 8. Nbxd4 Bc5 9. Be3 P@f4 10. Nxc6 bxc6 11. Qxd8+ Kxd8 
12. Bxc5 Nxc5 13. Ne5 B@d2+ 14. Kxd2 Ne4+ 15. Ke1 Q@a5+ 16. B@c3 Qd5 17. Nxf7+ 
Ke7 18. Nxh8 Nxc3 19. Q@f7+ Kd6 20. B@f8+ Ke5 21. N@d3+ Kd4 22. bxc3+ Kxc3 
23. R@b3+ Qxb3 24. axb3 P@d2+ 25. Kf1 B@d5 26. Q@b2# 
{Thufir checkmated} 1-0

[Event "fics rated crazyhouse match"]
[Site "fics, Oklahoma City, OK USA"]
[Date "2000.10.29"]
[White "Thufir"]
[WhiteElo "2342"]
[Black "Lomboc"]
[BlackElo "2317"]
[TimeControl "60+0"]
[Result "1-0"]

1. e4 Nf6 2. Nc3 d5 3. exd5 Nxd5 4. d4 e6 5. Nf3 Bb4 6. Bd2 
Bxc3 7. bxc3 N@e4 8. P@b2 Nxd2 9. Qxd2 B@f4 10. B@e3 Bxe3 11. fxe3 B@e4 
12. Bd3 Bxf3 13. gxf3 P@h3 14. N@h5 N@g2+ 15. Kf2 Ngxe3 16. Nxg7+ Ke7 17. B@g5+ 
f6 18. Bxe3 Nxe3 19. Qxe3 Qf8 20. N@f5+ Kd7 21. N@c5+ Qxc5 22. dxc5 P@f7 
{Lomboc resigns} 1-0

[Event "fics rated crazyhouse match"]
[Site "fics, Oklahoma City, OK USA"]
[Date "2000.10.29"]
[White "Lomboc"]
[WhiteElo "2310"]
[Black "Thufir"]
[BlackElo "2349"]
[TimeControl "60+0"]
[Result "0-1"]

1. e3 e6 2. d4 Nc6 3. Nf3 Nf6 4. Nc3 d6 5. Bb5 Be7 6. O-O 
O-O 7. Bxc6 bxc6 8. e4 B@g4 9. h3 Bxf3 10. Qxf3 e5 11. dxe5 dxe5 
12. P@h6 gxh6 13. Bxh6 P@g4 14. Qg3 P@f4 15. Qh2 gxh3 16. gxh3 N@f3+ 17. Kh1 
Nxh2 18. Kxh2 P@g3+ 19. fxg3 fxg3+ 20. Kxg3 Nh5+ 21. Kf2 Bh4+ 22. Ke2 Ng3+ 
23. Kf3 Nxf1 24. Rxf1 Q@g3+ 25. Ke2 R@f2+ 26. Ke1 P@d2+ 27. Kd1 Rxf1+ 28. Ke2 
Re1# 
{Lomboc checkmated} 0-1

[Event "fics rated crazyhouse match"]
[Site "fics, Oklahoma City, OK USA"]
[Date "2000.10.29"]
[White "Thufir"]
[WhiteElo "2356"]
[Black "Lomboc"]
[BlackElo "2303"]
[TimeControl "60+0"]
[Result "1-0"]

1. e4 d6 2. d4 Nf6 3. Nc3 Nbd7 4. Nf3 e5 5. dxe5 dxe5 6. Bc4 
Qe7 7. Bg5 h6 8. Bxf6 Nxf6 9. O-O Bg4 10. N@d5 Qd8 11. Nxf6+ Qxf6 
12. Nd5 Qd6 13. N@b5 Bxf3 14. Qxf3 N@h4 15. Ndxc7+ Kd8 16. Qxf7 
{Lomboc resigns} 1-0

[Event "fics rated crazyhouse match"]
[Site "fics, Oklahoma City, OK USA"]
[Date "2000.10.29"]
[White "Lomboc"]
[WhiteElo "2296"]
[Black "Thufir"]
[BlackElo "2363"]
[TimeControl "60+0"]
[Result "1-0"]

1. e3 e5 2. d4 exd4 3. exd4 Nf6 4. Nf3 d5 5. Bg5 Nc6 6. Bb5 
Bd7 7. P@e5 Qe7 8. O-O h6 9. exf6 gxf6 10. Bxf6 Qxf6 11. Bxc6 Bxc6 
12. P@e5 Qg6 13. N@h4 Qe4 14. N@f6+ Kd8 15. Nxe4 dxe4 16. Q@f6+ B@e7 17. Qxh8 
exf3 18. Nxf3 P@g4 19. P@g7 Kd7 20. gxf8=Q Rxf8 21. Qxf8 Bxf8 22. B@f5+ B@e6 
23. Bxe6+ fxe6 24. B@e2 gxf3 25. Bxf3 Bxf3 26. Qxf3 P@f5 27. Qxb7 B@d5 28. B@a4+ 
B@c6 29. Bxc6+ Bxc6 30. B@c8+ Kd8 31. Qxc6 N@h3+ 32. gxh3 N@e2+ 33. Kh1 P@g2+ 
34. Qxg2 B@d5 35. f3 Nf4 36. B@d7 N@g7 37. R@f7 Ng6 38. Rxf8+ Nxf8 39. N@b7+ 
Bxb7 40. Bxb7 
{Thufir forfeits on time} 1-0

[Event "fics rated crazyhouse match"]
[Site "fics, Oklahoma City, OK USA"]
[Date "2000.10.29"]
[White "Thufir"]
[WhiteElo "2353"]
[Black "Lomboc"]
[BlackElo "2306"]
[TimeControl "60+0"]
[Result "1-0"]

1. e4 Nf6 2. Nc3 d5 3. d4 dxe4 4. Bg5 P@d5 5. Bb5+ c6 6. Ba4 
e6 7. Qe2 Be7 8. Bxf6 Bxf6 9. N@e5 O-O 10. f3 exf3 11. Ngxf3 B@h5 
12. O-O P@e4 13. Nxe4 dxe4 14. Qxe4 Nd7 15. Nxd7 Bxd7 16. P@e5 Bxe5 17. dxe5 
P@f5 18. Qe1 Bxf3 19. Rxf3 Qb6+ 20. B@f2 Qxb2 21. B@d4 Qb4 22. Qxb4 N@e2+ 
23. Kh1 Nxd4 24. Bxd4 B@d5 25. P@f6 gxf6 26. exf6 N@h5 27. N@h6+ Kh8 28. P@g7# 
{Lomboc resigns} 1-0